Cogmind - Beta 14 @@@ ROGUE MODE // 2024.08.18 @ 02:29:17 Player: HourglassLad Result: Destroyed by G-34 Mercenary with Small Laser Performance ------------- Evolutions (1) 500 Regions Visited (3) 600 Robots Destroyed (35) 175 Value Destroyed (916) 916 Prototype IDs (0) 0 Alien Tech Used (0) 0 Bonus (0) 0 TOTAL SCORE: 2191 Bonus ------- None Cogmind --------- Core Integrity 0/400 Matter 300/300 Energy 125/125 System Corruption 1% Temperature Cool (6) Movement Rolling (80) Location -9/Storage Parts ------- > --- POWER (1) -------- Light Ion Engine > --- PROPULSION (3) --- Aluminum Leg Wheel Wheel > --- UTILITY (3) ------ Small Storage Unit Visual Processing Unit Signal Interpreter > --- WEAPON (2) ------- Improved Light Cannon Katana > --- INVENTORY (8) ---- Light Ion Engine Heat Sink Seismic Detector Core Shielding Shield Generator Shield Generator Improved Light Cannon Improved Light Cannon Peak State ------------ > --- POWER ------------ Ion Engine > --- PROPULSION ------- Aluminum Leg Improved Aluminum Leg Improved Aluminum Leg > --- UTILITY ---------- Small Storage Unit Visual Processing Unit Signal Interpreter > --- WEAPON ----------- Particle Gun Katana > --- INVENTORY -------- Light Ion Engine Light Ion Engine Heat Sink Seismic Detector Shield Generator Shield Generator Medium Laser Medium Laser [Rating: 16] Favorites ----------- Power Ion Engine Engine Ion Engine Propulsion Wheel Leg Improved Aluminum Leg Wheel Wheel Utility Small Storage Unit Device Seismic Detector Storage Small Storage Unit Processor Signal Interpreter Weapon Particle Gun Energy Gun Particle Gun Ballistic Gun Light Assault Rifle Ballistic Cannon Improved Light Cannon Slashing Weapon Katana Build | -11 -10 -9 -9 ------- Run | Yrd Mat Mat Sto Slots Evolved 2 | . . 2 . Power . | . . . . Propulsion 1 | . . 1 . Utility 1 | . . 1 . Weapon . | . . . . Parts Attached 42 | 6 16 7 13 Power 7 | 1 3 1 2 Engine 7 | 1 3 1 2 Core . | . . . . Reactor . | . . . . Propulsion 19 | 2 4 5 8 Treads . | . . . . Leg 6 | . . . 6 Wheel 13 | 2 4 5 2 Hover . | . . . . Flight . | . . . . Utility 5 | 1 3 1 . Device 2 | . 2 . . Storage 1 | 1 . . . Processor 2 | . 1 1 . Hackware . | . . . . Protection . | . . . . Artifact . | . . . . Weapon 11 | 2 6 . 3 Energy Gun 6 | 1 5 . . Energy Cannon . | . . . . Ballistic Gun 3 | 1 1 . 1 Ballistic Cannon 1 | . . . 1 Launcher . | . . . . Special Weapon . | . . . . Impact Weapon . | . . . . Slashing Weapon 1 | . . . 1 Piercing Weapon . | . . . . Special Melee Weapon . | . . . . Unidentified Prototypes . | . . . . Parts Lost 11 | . 4 1 6 Power 1 | . . . 1 Propulsion 7 | . 2 1 4 Utility . | . . . . Weapon 3 | . 2 . 1 Highest Loss Streak 4 | . 1 1 4 To Critical Strikes . | . . . . Average Slot Usage (%) 94 | . 95 92 94 Engine 12 | . 14 11 10 Leg 7 | . . . 16 Wheel 21 | . 27 27 14 Device 1 | . 3 . . Storage 12 | . 14 11 11 Processor 15 | . 7 20 22 Energy Gun 14 | . 23 22 5 Ballistic Gun 3 | . 4 . 2 Ballistic Cannon 1 | . . . 3 Slashing Weapon 3 | . . . 8 Peak Build Rating 16 | 6 8 11 16 Average Rating 10 | 4 6 10 13 On Entrance 6 | . 6 7 11 Naked Turns . | . . . . Heaviest Build 15 | 13 14 13 15 Greatest Support 36 | 26 26 36 36 Greatest Overweight (x) 3 | . 1 1 3 Average Overweight (x) . | . . . . Largest Inventory Capacity 8 | 8 8 8 8 Average Capacity 7 | 6 8 8 8 Most Carried 8 | 4 8 8 8 Average Carried 6 | 2 6 6 7 Final Capacity 8 | 8 8 8 8 Final Carried 8 | 4 8 8 8 Class Distribution -------------------- 54% | Mutant 36% | Scavenger-Mutant 8% | Commander-Mutant Dominant Class ---------------- Mutant | -10/Materials Mutant | -9/Materials Scavenger-Mutant | -9/Storage Resources | -11 -10 -9 -9 ----------- Run | Yrd Mat Mat Sto Matter Collected 688 | 227 187 74 200 Remotely . | . . . . Salvage Created 1263 | . 477 98 688 Parts 71 | . 28 9 34 Haulers Intercepted . | . . . . Recyclers Shooed . | . . . . Parts Field Recycled . | . . . . Retrieved Matter . | . . . . Parts Self-Destructed . | . . . . Prevented . | . . . . Kills | -11 -10 -9 -9 ------- Run | Yrd Mat Mat Sto Combat Hostiles Destroyed 27 | . 10 4 13 Melee 6 | . . . 6 Guns 18 | . 8 4 6 Cannons 1 | . . . 1 AOE 2 | . 2 . . Classes Destroyed 7 | . 4 2 1 Worker 4 | . . 1 3 Builder 2 | . 2 . . Recycler 2 | . 1 . 1 Swarmer 6 | . 3 3 . Grunt 16 | . 7 . 9 Duelist 1 | . . . 1 Sentry 4 | . . 1 3 Best Kill Streak 6 | . 4 5 6 Combat Bots Only 5 | . 3 4 5 Max Kills in Single Turn 2 | . 2 1 2 Gunslinging . | . . . . Exploded 1 | . 1 . . Melee 1 | . . . 1 Uniques/NPCs Destroyed . | . . . . Combat | -11 -10 -9 -9 -------- Run | Yrd Mat Mat Sto Hostile Shots Fired 222 | . 81 25 116 Missed 64 | . 24 11 29 Damage Taken 1954 | . 756 156 1042 Core 605 | . 194 40 371 Absorbed by Shields . | . . . . Core Remaining (%) 61 | 100 22 . . Volleys Fired 56 | . 29 7 20 Largest 2 | . 2 2 2 Hottest 115 | . 90 115 85 Shots Fired 101 | . 52 14 35 Gun 96 | . 52 14 30 Cannon 5 | . . . 5 Launcher . | . . . . Special . | . . . . Kinetic 43 | . 23 . 20 Thermal 40 | . 11 14 15 Explosive . | . . . . Electromagnetic 18 | . 18 . . Robot Hit Streak 8 | . 7 7 8 Robot Miss Streak 4 | . 4 3 2 Penetration Max . | . . . . Secondary Targets 4 | . 1 . 3 Max Gunslinging Chain 1 | . 1 . 1 Shots Hit Robots 86 | . 29 9 48 Core Hits 49 | . 22 6 21 Critical Kills . | . . . . Critical Parts Destroyed . | . . . . Critical Strikes 5 | . . . 5 Burn 1 | . . . 1 Sever 4 | . . . 4 Melee Attacks 27 | . . . 27 Impact . | . . . . Slashing 27 | . . . 27 Piercing . | . . . . Sneak Attacks 5 | . . . 5 Combat Hostiles . | . . . . Follow-up Attacks . | . . . . Damage Inflicted 1932 | . 524 139 1269 Guns 798 | . 328 139 331 Cannons 99 | . . . 99 Explosions 196 | . 196 . . Melee 839 | . . . 839 Ramming . | . . . . Kinetic 349 | . 107 . 242 Thermal 557 | . 230 139 188 Explosive . | . . . . Electromagnetic 187 | . 187 . . Impact . | . . . . Slashing 839 | . . . 839 Piercing . | . . . . Highest Corruption 1 | . . . 1 Average Corruption 1 | . . . 1 Corruption Purged . | . . . . Corruption Blocked . | . . . . Effects 3 | . . . 3 Message Errors 1 | . . . 1 Matter Fused 2 | . . . 2 Overload Shots . | . . . . Overflow Damage 69 | . 22 . 47 Projectiles . | . . . . Explosions 22 | . 22 . . Melee 47 | . . . 47 Knockbacks . | . . . . Impact . | . . . . Kinetic . | . . . . Secondary . | . . . . Self-Inflicted Damage 156 | . 156 . . Shots 4 | . 4 . . Rammed . | . . . . Targets Rammed . | . . . . Kicked . | . . . . Crushed . | . . . . Highest Temperature 241 | . 210 241 157 Average Temperature 75 | . 56 132 69 Received Heat Transfer 789 | . 258 18 513 Siege Activations . | . . . . Robots Corrupted . | . . . . Combat Hostiles . | . . . . Parts Fried . | . . . . Impact Corruptions . | . . . . Robots Melted . | . . . . Combat Hostiles . | . . . . Parts Melted 5 | . 1 3 1 Heat Transferred 1249 | . 361 370 518 Parts Sabotaged . | . . . . Parts Stolen . | . . . . Parts Stripped . | . . . . Power Chain Reactions 3 | . 3 . . Alert | -11 -10 -9 -9 ------- Run | Yrd Mat Mat Sto Peak Influence 347 | . 347 185 268 Initial 85 | . . 85 78 Average 183 | . 204 130 187 Maximum Alert Level 1 | . 1 . 1 Low Security (%) 47 | 100 37 100 45 Level 1 52 | . 62 . 54 Level 2 . | . . . . Level 3 . | . . . . Level 4 . | . . . . Level 5 . | . . . . High Security . | . . . . Max Security . | . . . . Squads Dispatched 3 | . 2 . 1 Investigation 2 | . 1 . 1 Extermination . | . . . . Reinforcement 1 | . 1 . . Assault . | . . . . Garrison . | . . . . Intercept . | . . . . Searches Triggered . | . . . . Construction Impeded . | . . . . Haulers Reinforced . | . . . . Active Scanning Responses . | . . . . Cargo Convoy Interrupts . | . . . . Stealth | -11 -10 -9 -9 --------- Run | Yrd Mat Mat Sto Distress Signals 2 | . 1 . 1 Communications Jammed . | . . . . Distress Signals . | . . . . Times Spotted 46 | . 25 4 17 Peak Tracking Total 6 | . 5 4 6 Tactical Retreats 3 | . 1 . 2 Traps | -11 -10 -9 -9 ------- Run | Yrd Mat Mat Sto Traps Triggered . | . . . . Indirectly . | . . . . Trap Hack Attempts . | . . . . Triggered . | . . . . Disarmed . | . . . . Reprogrammed . | . . . . Reused . | . . . . Traps Extracted . | . . . . Installed . | . . . . Triggered . | . . . . Machines | -11 -10 -9 -9 ---------- Run | Yrd Mat Mat Sto Machines Disabled 3 | . 3 . . Max in Single Turn 2 | . 2 . . Machines Repaired . | . . . . Machines Dismantled . | . . . . Machines Sabotaged . | . . . . Overloaded Fab Kills . | . . . . Hacking | -11 -10 -9 -9 --------- Run | Yrd Mat Mat Sto Machines Accessed 11 | . 6 2 3 Terminals 10 | . 6 1 3 Fabricators . | . . . . Repair Stations . | . . . . Recycling Units . | . . . . Scanalyzers 1 | . . 1 . Garrison Access . | . . . . Total Hacks 31 | . 19 5 7 Successful 12 | . 7 3 2 Failed 19 | . 12 2 5 Catastrophic 4 | . 3 . 1 Database Lockouts . | . . . . Manual 6 | . 6 . . Terminals 28 | . 19 2 7 Fabricators . | . . . . Repair Stations . | . . . . Recycling Units . | . . . . Scanalyzers 3 | . . 3 . Garrison Access . | . . . . Terminal Hacks 10 | . 7 1 2 Locate Traps 4 | . 2 . 2 Maintenance Status 1 | . 1 . . Hauler Manifests 1 | . 1 . . Zone Layout 4 | . 3 1 . Fabricator Hacks . | . . . . Repair Station Hacks . | . . . . Recycling Unit Hacks . | . . . . Scanalyzer 2 | . . 2 . Insert Component 1 | . . 1 . Analyze 1 | . . 1 . Garrison Access Hacks . | . . . . Unauthorized Hacks . | . . . . Terminals . | . . . . Fabricators . | . . . . Repair Stations . | . . . . Recycling Units . | . . . . Scanalyzers . | . . . . Garrison Access . | . . . . Data Cores Recovered . | . . . . Used . | . . . . Hacking Detections 9 | . 6 1 2 Full Trace Events 3 | . 2 . 1 Feedback Events 1 | . . . 1 Corruption 1 | . . . 1 Feedback Blocked . | . . . . Robot Schematics Acquired . | . . . . Robots Built . | . . . . Authchips . | . . . . Time . | . . . . Total Robot Build Rating . | . . . . Part Schematics Acquired 1 | . . 1 . Parts Built . | . . . . Authchips . | . . . . Time . | . . . . Total Part Build Rating . | . . . . Parts Repaired . | . . . . Time . | . . . . Parts Recycled . | . . . . Recycled Matter . | . . . . Retrieved Matter . | . . . . Retrieved Components . | . . . . Parts Scanalyzed 1 | . . 1 . Part Schematics Acquired 1 | . . 1 . Parts Damaged . | . . . . Bothacking | -11 -10 -9 -9 ------------ Run | Yrd Mat Mat Sto Used RIF Installer . | . . . . Robots Hacked . | . . . . Non-combat . | . . . . Combat . | . . . . Robot Hacks Applied . | . . . . Relay Couplers Released . | . . . . Fabnet Peak Effective % . | . . . . Robots Rewired . | . . . . Allies Hacked . | . . . . Hacks Repelled . | . . . . Allies | -11 -10 -9 -9 -------- Run | Yrd Mat Mat Sto Total Allies 10 | . . . 10 Largest Group 10 | . . . 10 Highest-Rated Group 88 | . . . 88 Highest-Rated Ally 16 | . . . 16 Total Orders . | . . . . Ally Attacks 12 | . . . 12 Total Damage 101 | . . . 101 Kills . | . . . . Allies Corrupted . | . . . . Allies Melted . | . . . . Intel | -11 -10 -9 -9 ------- Run | Yrd Mat Mat Sto Robot Analysis Total . | . . . . Derelict Logs Recovered . | . . . . Drone Launches . | . . . . Drone Recoveries . | . . . . Exploration | -11 -10 -9 -9 ------------- Run | Yrd Mat Mat Sto Turns Passed 1148 | 46 511 74 517 Spaces Moved 813 | 38 438 51 286 Core 4 | 3 . . 1 Treads . | . . . . Legs 119 | . . . 119 Wheels 690 | 35 438 51 166 Hover . | . . . . Flight . | . . . . Fastest Speed 50 | 50 80 80 80 Average Speed 92 | 87 87 84 103 Slowest Speed 200 | 100 100 95 200 Overloaded Moves . | . . . . Propulsion Burnouts . | . . . . Robots Hopped . | . . . . Cave-ins Triggered . | . . . . Exploration Rate (%) 26 | 4 62 5 35 Regions Visited 3 Branch Regions 1 Pre-discovered Areas . | . . . . Known Exits Taken 2 | . 1 1 . Unknown Exits Taken 1 | 1 . . . Scrap Searched . | . . . . Spaces Dug . | . . . . Terrain Destroyed 7 | . 7 . . Melee . | . . . . Projectile . | . . . . AOE 7 | . 7 . . Terrain Rammed . | . . . . Walls Destroyed . | . . . . Machines Disabled . | . . . . Actions | -11 -10 -9 -9 --------- Run | Yrd Mat Mat Sto Total 1066 | 47 521 66 432 Wait 87 | . 18 . 69 Move 810 | 37 437 50 286 Hop . | . . . . Pick Up 18 | 4 8 1 5 Fast Attach 23 | 6 4 1 12 Attach 5 | . 2 3 . Detach 1 | . 1 . . Swap 14 | . 10 3 1 Drop 25 | . 12 1 12 Fire 56 | . 29 7 20 Melee 27 | . . . 27 Ram . | . . . . Kick . | . . . . Crush . | . . . . Escape Stasis . | . . . . Rewire . | . . . . Trap . | . . . . Miscellaneous . | . . . . Route ------- -11/Scrapyard -10/Materials (discovered 2 exits: *Mat / *Min) -9/Materials -9/Storage History --------- Turn | Location | Event 14 | -11/Scrapyard | Discovered new exit (range 16) 47 | -11/Scrapyard | Entered Materials 145 | -10/Materials | Core integrity fell below 50% 277 | -10/Materials | Discovered new exit (range 16) 310 | -10/Materials | Identified exit to Mines 502 | -10/Materials | Build established: Mutant 521 | -10/Materials | Discovered new exit (range 11) 557 | -10/Materials | Identified exit to Materials 558 | -10/Materials | Entered another Materials area 558 | -9/Materials | Evolved 2 slots: Propulsion x1, Utility x1 585 | -9/Materials | Discovered new exit (range 9) 607 | -9/Materials | Identified exit to Storage 632 | -9/Materials | Entered Storage 750 | -9/Storage | Core integrity fell below 50% 776 | -9/Storage | Lost 4 parts (1p3n) 908 | -9/Storage | Core integrity fell below 20% 1048 | -9/Storage | Assisted by bots powering up and referring to "LRC-V3" 1149 | -9/Storage | Destroyed by G-34 Mercenary with Small Laser Last Messages --------------- 01082_ R-06 Scavenger collects Sml. Laser. 01092_ Mercenary 2d suffers critical hit (Burn). 01092_ Mercenary 2d destroyed. 01098_ Acquired 4 matter. 01104_ G-47 Trooper destroyed. 01105_ Acquired 4 matter. 01106_ K-01 Serf collects debris. 01107_ Acquired 4 matter. 01108_ Y-45 Defender destroyed. 01110_ K-01 Serf collects debris. 01111_ G-34 Mercenary destroyed. 01113_ K-01 Serf collects debris. 01115_ Sneak attack on K-01 Serf. 01115_ Destroyed Wheel. 01115_ K-01 Serf destroyed. 01119_ Acquired Aluminum Leg. 01120_ Acquired 10 matter. 01127_ Y-45 Defender Lgt. Treads severed. 01132_ Y-45 Defender destroyed. 01143_ K-01 Serf collects debris. Map ----- +----------------------------------------------------+ | ???????????????????????????????????????????# | | ?????????????????????????????????#######???# !=% | | ????????????????????############## ########### | | ?????????????????? [ | | ?????????????????? [ [% * | | ?????????????????? [ %!* | | ?????????????????????###+######### % ########### | | ????????????????????????????????####+######???### | | ????????????????????????????????# #???#"" | | ????????????????????????????????# """"" #???#"" | | ????????????????????????????????# "???" #???#"T | | ????????????????????????????????# ""??" #???#"" | | ????????????????????????????????# "??"" #???#"" | | ????????????????????????????????# "???" #???### | | ????????????????????????????????# """"" #?????# | | ????????????????????????????????# #?????## | | ????????????????????????????????####+######??????? | | ???????????????????????????????????# #???????????? | | ???????????????????????????????????# #???????????? | | ???????????????????????????????????# #???????????? | | ?????????????????????########+######*#???????????? | | ?????????????????????# ^ !!%###?????????? | | ?????????????????????# ^ ####==T#?????????? | | ???????????#+###+##### #??#!""#???????### | | ???????????# k ^^ #??#=###??????##T | | ???????? u u @ ^^ #??#%#????????# | | ???????????# #??#%########## | | ???????????###+#+######g#########??#%!%*[ + | | ????????????????????? ???????????#!########### | | ????????????????????a ????????????#%#?????????### | | ???????????????????# ?????????????# #???????????? | | ???????????????????# ??????????????#*#?########??? | | ???????????????????# ??????????????#[#?# #??? | | ???????????????????#???????????????#=#?# #??? | | ???????????????????????????????????#=#?# #??? | | ???????????????????????????????????#*#?# #??? | | ???????????????????????????????????#%#?# #### | | ?????????????????????????????????### #?? # "= | | ??????????????????????????????####T# #####+##+# = | | ??????????????????????????????# ]" + + "= | | ??????????????????????????????# [[ # #####^^^^#T## | | ??????????????????????????????#]]" # #???# ###? | | ??????????????????????????????###### #???# T#?? | | ???????????????????????????????????# #???# ##?? | | ???????????????????????????????????#+#???#+## #??? | | ???????????????????????????????????# ??????# #??? | | ???????????????????????????????????# ??????# #??? | | ???????????????????????????????????# ??????# #??? | | ???????????????????????????????????# ??????# ??? | | ???????????????????????????????????# ??????? ??? | +----------------------------------------------------+ Best States ------------- Heat Dissipation 35 Energy Generation 10 Energy Capacity 250 Matter Stores 300 Matter Capacity 300 Sight Range 18 Terrain Scan Density 10 Evasion (%) 55 Item Schematics ----------------- Seismic Detector | -9/Materials | Scanalyzed Robot Schematics ------------------ None Fabricated ------------ Nothing Alien Tech Used ----------------- None Achievements -------------- None Challenges ------------ None Game ------ Seed BoreBurstFlightbrick Manual? 0 Play Time 00:17:25 Cumulative 25.3 hours Start 2024.08.18 @ 02:06:07 End 2024.08.18 @ 02:29:17 Sessions 1 Manual Loads 0 Difficulty Rogue Special Mode None Game No. 48 Rogue 48 Adventurer 0 Explorer 0 Win Type - Total 0 Types 0/0/0/0/0/0/0/0/0 Lore% 11 Gallery% 29 Achievement% 21 Wizard Run 0 Options --------- Layout 1 ASCII 0 Keyboard 1 Movement Numpad Keybinds 0 Fullscreen 1 Font 24/Smallcaps Map View 50x35 Zoom Use 0% Tactical HUD 1 Map Filters NONE Filters NONE Steam 1 RUN: 84bd52cf-fda4-4f39-86d5-9c82f6b4931e